 Dungeon Crawl Stone Soup version 0.19.1-1-g22dce08 (webtiles) character file.

84 Kwzr the Skirmisher (level 4, -3/37 HPs)
             Began as a Formicid Abyssal Knight on Jan 13, 2017.
             Was a Follower of Lugonu.
             Slain by Crazy Yiuf
             ... wielding a +2 quarterstaff of chaos
              (4 damage)
             ... on level 2 of the Dungeon.
             The game lasted 00:03:41 (959 turns).

Kwzr the Skirmisher (Formicid Abyssal Knight)        Turns: 959, Time: 00:03:42

Health: -3/37      AC:  3    Str: 18    XL:     4   Next: 74%
Magic:  6/6        EV: 11    Int: 11    God:    Lugonu [*.....]
Gold:   43         SH:  0    Dex: 10    Spells: 0 memorised, 3 levels left

rFire  . . .     SeeInvis +     a - +1 hand axe
rCold  . . .     Gourm    .     b - +0 leather armour
rNeg   . . .     Faith    .     (no shield)
rPois  .         Spirit   .     (helmet unavailable)
rElec  .         Reflect  .     (no cloak)
rCorr  .         Harm     .     (no gloves)
MR     .....                    (no boots)
Stlth  +.........               (no amulet)
                                (no ring)
                                (no ring)

@: drained
A: permanent stasis, dig shafts and tunnels, four strong arms, antennae 3
a: Dig, Shaft Self, Depart the Abyss, Renounce Religion


You were on level 2 of the Dungeon.
You worshipped Lugonu.
Lugonu was aware of your devotion.
You were not hungry.

You visited 1 branch of the dungeon, and saw 3 of its levels.
You visited the Abyss 1 time.

You collected 43 gold pieces.

Inventory:

Hand Weapons
 a - a +1 hand axe (weapon)
Armour
 b - a +0 leather armour (worn)
Jewellery
 i - an uncursed ring of ice
Scrolls
 e - 2 scrolls of identify {unknown}
 f - 4 scrolls of remove curse {unknown}
 h - a scroll of teleportation {unknown}
 j - 5 scrolls of enchant weapon {unknown}
 k - a scroll of enchant armour {unknown}
 o - a scroll of magic mapping {unknown}
 r - 2 scrolls of recharging {unknown}
Potions
 d - a potion of might {unknown}
 g - a potion of curing {unknown}
 l - a potion of haste {unknown}
 m - a potion of brilliance {unknown}
 n - a potion of heal wounds {unknown}
 p - a potion of cancellation {unknown}
 q - a potion of resistance {unknown}
Comestibles
 c - 2 bread rations
 s - a beef jerky


   Skills:
 + Level 3.7(3.4) Fighting
 * Level 2.9(2.6) Axes
 + Level 2.9(2.7) Armour
 + Level 1.6(1.4) Dodging
 - Level 3.0(2.7) Invocations


You had 3 spell levels left.
You didn't know any spells.

Dungeon Overview and Level Annotations

Branches:
Dungeon (3/15)

Altars:
Yredelemnul

Annotations:
D:2 Crazy Yiuf


Innate Abilities, Weirdness & Mutations

You are under a permanent stasis effect.
You can dig through walls and to a lower floor.
Your four strong arms can wield two-handed weapons with a shield.
You have a pair of large antennae on your head. (SInv)


Message History

You hit Crazy Yiuf.
Crazy Yiuf is moderately wounded.
Crazy Yiuf hits you with a quarterstaff of chaos.
You feel drained.
You slash Crazy Yiuf!
Crazy Yiuf is severely wounded.
Crazy Yiuf hits you with a quarterstaff of chaos!
You feel a strange sense of stasis.
You hit Crazy Yiuf but do no damage.
Crazy Yiuf is severely wounded.
Crazy Yiuf hits you with a quarterstaff of chaos.
* * * LOW HITPOINT WARNING * * *
Crazy Yiuf freezes you.
* * * LOW HITPOINT WARNING * * *
You hit Crazy Yiuf.
Crazy Yiuf is severely wounded.
Crazy Yiuf hits you with a quarterstaff of chaos!
* * * LOW HITPOINT WARNING * * *
Crazy Yiuf freezes you.
You die...

#......[........#
#..#.#
#...............#
##...#
#....#####......# #..##
###### ######## ##.##
#.## ♣♣♣♣♣### #... ###
♣♣♣.♣..#.## #.##
#...#♣..♣.P....## #..#
#...g@♣♣♣♣PP....####.#
#)..#♣♣ ♣♣P#........#
### ♣♣##........
#......#. #........
###########......##
#....##..........##
####.##..........##
#########.##.....<....#


You could see Crazy Yiuf.

Vanquished Creatures
  Ijyb (D:2)
  Terence (D:2)
  An adder (D:2)
  A dart slug (D:2)
  A ball python (D:2)
  3 bats (D:2)
  A giant cockroach (D:2)
  4 goblins
  4 hobgoblins
  A quokka (D:2)
  2 rats (D:2)
20 creatures vanquished.

Notes
Turn   | Place    | Note
-------+----------+-------------------------------------------
     0 | Abyss:1  | Kwzr the Formicid Abyssal Knight began the quest for the Orb.
     0 | Abyss:1  | Reached XP level 1. HP: 18/18 MP: 2/2
    17 | Abyss:1  | Noticed a quicksilver dragon skeleton
    28 | D:1      | Escaped the Abyss
   145 | D:1      | You fall through a shaft!
   234 | D:2      | Reached XP level 2. HP: 17/24 MP: 3/3
   244 | D:2      | Reached skill level 1 in Dodging
   249 | D:2      | Noticed Ijyb
   263 | D:2      | Killed Ijyb
   263 | D:2      | Reached XP level 3. HP: 9/29 MP: 3/5
   276 | D:2      | Found a basalt altar of Yredelemnul.
   330 | D:2      | Reached * piety under Lugonu
   331 | D:2      | Noticed Terence
   554 | D:2      | Killed Terence
   554 | D:2      | Reached XP level 4. HP: 18/37 MP: 6/6
   825 | D:2      | Found a runed door.
   951 | D:2      | Noticed Crazy Yiuf
   959 | D:2      | HP: 1/37 [Crazy Yiuf/quarterstaff of chaos (7)]
   959 | D:2      | Slain by Crazy Yiuf

Skill      XL: |  1  2  3 |
---------------+----------+-----
Dodging        | 1 |  1.6
Invocations    | 3 |  3.0
Fighting       | |  3.7
Axes           | |  2.9
Armour         | |  2.9

Action                   |  1- 3 |  4- 6 || total
-------------------------+-------+-------++-------
Melee: Hand axe          |    64 |    38 ||   102
Invok: Depart the Abyss  |     1 |       ||     1
 Abil: Dig               |     2 |       ||     2
Armor: Leather armour    |    17 |    13 ||    30
Dodge: Dodged            |    38 |    27 ||    65
